 Dungeon Crawl Stone Soup version 0.29.1-14-g9c671dbff4 (webtiles) character file.

Game seed: 5473593167070259679

107 zeram the Sneak (level 4, -1/21 HPs)
             Began as a Spriggan Enchanter on Feb 19, 2023.
             Slain by a scorpion zombie (3 damage)
             ... on level 3 of the Dungeon.
             The game lasted 00:05:36 (3033 turns).

zeram the Sneak (Spriggan Enchanter)                Turns: 3033, Time: 00:05:36

Health: -1/21      AC:  2    Str:  4    XL:     4   Next: 57%
Magic:  9/9        EV: 18    Int: 18    God:
Gold:   135        SH:  0    Dex: 15    Spells: 4/9 levels left

rFire   . . .      SeeInvis +   a - +1 dagger
rCold   . . .      Faith    .   (no shield)
rNeg    . . .      Spirit   .   b - +0 robe
rPois   .          Reflect  .   (helmet restricted)
rElec   .          Harm     .   (no cloak)
rCorr   .          Rampage  .   (gloves unavailable)
Will    .....                   (boots unavailable)
Stlth   +++.......              (no amulet)
HPRegen 0.07/turn               (no ring)
MPRegen 0.11/turn               (no ring)

@: very quick
A: very small, no large weapons, unfitting armour, see invisible, speed 3
a: no special abilities


You were on level 3 of the Dungeon.
You visited 1 branch of the dungeon, and saw 3 of its levels.

You collected 135 gold pieces.

Inventory:

Hand Weapons
 a - a +1 dagger (weapon)
Armour
 b - a +0 robe (worn)
Scrolls
 d - a scroll of magic mapping
 e - a scroll of teleportation
 j - a scroll of enchant weapon {unknown}
Potions
 c - 3 potions of invisibility
 f - 3 potions of brilliance
 g - a potion of might {unknown}
 h - a potion of flight {unknown}
 i - 4 potions of curing
 k - 2 potions of cancellation
 m - a potion of haste {unknown}
 n - a potion of heal wounds {unknown}


   Skills:
 + Level 1.7 Short Blades
 + Level 3.4 Dodging
 + Level 6.2 Stealth
 + Level 3.2 Spellcasting
 + Level 4.3 Hexes
 + Level 0.4 Ice Magic


You had 4 spell levels left.
You knew the following spells:

 Your Spells              Type           Power      Damage    Failure   Level
a - Ensorcelled Hibernat  Hex/Ice        22%        N/A       9%          2
b - Tukima's Dance        Hex            18%        N/A       9%          3

Your spell library contained the following spells:

 Spells                   Type           Power      Damage    Failure   Level
 Confusing Touch          Hex            18%        N/A       9%          3
 Beastly Appendage        Tmut           4%         N/A       16%         1
 Dazzling Flash           Conj/Hex       20%        N/A       21%         3
 Portal Projectile        Hex/Tloc       20%        N/A       21%         3
 Wereblood                Tmut           2%         N/A       24%         2
 Call Canine Familiar     Summ           2%         N/A       43%         3
 Spider Form              Tmut/Pois      2%         N/A       43%         3
 Leda's Liquefaction      Hex/Erth       5%         N/A       54%         4


Dungeon Overview and Level Annotations

Branches:
Dungeon (3/15)

Altars:
Trog


Innate Abilities, Weirdness & Mutations

You are very small and have problems with some larger weapons.
You are too small for most types of armour.
You have supernaturally acute eyesight. (SInv)
You cover ground extremely quickly. (Speed+++)


Message History

The scorpion zombie is heavily damaged.
The scorpion zombie hits you but does no damage.
You hit the scorpion zombie but do no damage.
You punch the scorpion zombie, but do no damage.
The scorpion zombie is heavily damaged.
The scorpion zombie closely misses you.
You hit the scorpion zombie but do no damage.
The scorpion zombie is heavily damaged.
The scorpion zombie barely misses you.
You hit the scorpion zombie but do no damage.
The scorpion zombie is heavily damaged.
The scorpion zombie completely misses you.
You hit the scorpion zombie. Your punch misses the scorpion zombie.
The scorpion zombie is heavily damaged.
You barely miss the scorpion zombie.
The scorpion zombie is heavily damaged.
The scorpion zombie closely misses you.
You hit the scorpion zombie but do no damage.
The scorpion zombie is heavily damaged.
The scorpion zombie hits you.
You barely miss the scorpion zombie.
The scorpion zombie is heavily damaged.
The scorpion zombie closely misses you.
You barely miss the scorpion zombie.
The scorpion zombie is heavily damaged.
The scorpion zombie completely misses you.
You barely miss the scorpion zombie.
The scorpion zombie is heavily damaged.
The scorpion zombie closely misses you.
You hit the scorpion zombie.
The scorpion zombie is heavily damaged.
The scorpion zombie misses you.
You hit the scorpion zombie.
The scorpion zombie is heavily damaged.
The scorpion zombie hits you.
* * * LOW HITPOINT WARNING * * *
You barely miss the scorpion zombie.
The scorpion zombie is heavily damaged.
The scorpion zombie hits you.
You die...

..# #.....##.....#...# #.#.# ..#
#.....##.....##..# #.#.# ###
#.....'#.....##..# #.#.# .##
#.....##.....##..# #.#.# ..##
######.#.....##..######.#.# ...##
####.#.....##.......#.#.#
.#...####....# #Z# #.#####.#.#.#
.###...##.##.# #Z# #.......#.#.#
.####......#.# #@# #.#######.#.#
##...........###.####.......†...#
##.....>...####..'#.#.#######.###
##(.......## #......#............
##........# ##......#########.###
..........# #.......'.........#
##........# #.......###########
##........# #.......# ##...†....#
#.......#


You could see an adder zombie and a scorpion zombie.

Vanquished Creatures
  An orc priest (D:3)
  2 adders (D:2)
  A worm (D:2)
  3 dart slugs
  3 orcs (D:3)
  3 bats
  4 giant cockroaches
  2 goblins
  5 hobgoblins
  4 jackals
  6 ball pythons
  A frilled lizard (D:2)
  5 kobolds
  6 rats
46 creatures vanquished.

Notes
Turn   | Place    | Note
-------+----------+-------------------------------------------
     0 | D:1      | zeram the Spriggan Enchanter began the quest for the Orb.
     0 | D:1      | Reached XP level 1. HP: 9/9 MP: 5/5
    37 | D:1      | Found a faded altar of an unknown god.
   173 | D:1      | Found Qayrusm's Antique Weapon Boutique.
   217 | D:1      | Reached XP level 2. HP: 13/13 MP: 6/6
   234 | D:1      | Learned a level 2 spell: Ensorcelled Hibernation
   460 | D:1      | Reached skill level 5 in Stealth
   799 | D:2      | Found a bloodstained altar of Trog.
   804 | D:2      | Reached XP level 3. HP: 16/16 MP: 8/8
   808 | D:2      | Learned a level 3 spell: Tukima's Dance
  2403 | D:3      | Reached skill level 6 in Stealth
  2403 | D:3      | Reached XP level 4. HP: 12/21 MP: 6/9
  3033 | D:3      | Slain by a scorpion zombie

Illustrated notes

Levels and vault maps discovered:
D:1:      minmay_arrival_five_plusses, layout_loops_ring, serial_shops,
          nicolae_shop_stone, shapermc_ecumenical_altar_venn,
          minmay_pentomino_t2
D:2:      layout_rooms, basic_altar, st_stairs_9, minmay_indecisive_spiral
D:3:      layout_basic, nicolae_overflow_ecumenical_swirl,
          lemuel_zombie_altar_yredelemnul

Skill      XL: |  1  2  3 |
---------------+----------+-----
Hexes          | 4 |  4.3
Stealth        | 5 6 |  6.2
Dodging        | 3 |  3.4
Spellcasting   | 3 |  3.2
Short Blades   | |  1.7
Ice Magic      | |  0.4

Action                   |  1- 3 |  4- 6 || total
-------------------------+-------+-------++-------
Melee: Dagger            |   130 |    45 ||   175
       Punch             |     1 |     2 ||     3
 Cast: Ensorcelled Hiber |    23 |     7 ||    30
  Use: Scroll            |     6 |     1 ||     7
 Stab: Sleeping          |    19 |     6 ||    25
Armor: Robe              |    17 |     6 ||    23
Dodge: Dodged            |   142 |    33 ||   175
